NWL (28 & UNDER)
RIVERSIDE RED BULLS @ LA CROSSE LOGGERS
08/01/2026
 
TOP OF THE 1ST
Riverside Red Bulls batting - Pitching for La Crosse Loggers : RHP Jaime Martínez
Pitching: RHP Jaime Martínez
Batting: RHB Kevin Brown 0-0: Ball
1-0: Ball
2-0: Ball
3-0: Called Strike
3-1: Base on Balls
Batting: RHB Pedro Mata 0-0: Called Strike
0-1: Swinging Strike
0-2: Foul Ball, location: 2F
0-2: Ball
1-2: Strikes out looking
Batting: LHB Paco Rivera 0-0: Ball
1-0: Called Strike
1-1: Ball
2-1: Ball
3-1: 2-RUN HOME RUN (Flyball, 9D), Distance : 367 ft
Batting: RHB Earnest Finnegan 0-0: Called Strike
0-1: Ground out 3-1 (Groundball, 34)
Batting: RHB Mike Mills 0-0: Ball
1-0: Ball
2-0: Ball
3-0: Called Strike
3-1: Called Strike
3-2: Base on Balls
Batting: RHB José Vázquez 0-0: Ball
1-0: Called Strike
1-1: Fly out, F9 (Popup, 34D)
Top of the 1st over - 2 run(s), 1 hit(s), 0 error(s), 1 left on base; Riverside 2 - La Crosse 0
BOTTOM OF THE 1ST
La Crosse Loggers batting - Pitching for Riverside Red Bulls : RHP Carlos Martínez
Pitching: RHP Carlos Martínez
Batting: RHB Robert Acosta 0-0: Ball
1-0: Ground out 5-3 (Groundball, 56)
Batting: RHB Paul Richard 0-0: Called Strike
0-1: SINGLE (Line Drive, 78S)
Batting: LHB George Smith 0-0: Ball
1-0: Called Strike
1-1: Ball
2-1: Fly out, F9 (Flyball, 89XD)
Batting: RHB Danny Campbell 0-0: Ball
1-0: Called Strike
1-1: Ball
2-1: Swinging Strike
2-2: Foul Ball, location: 2F
2-2: Foul Ball, location: 2F
2-2: Strikes out swinging
Bottom of the 1st over - 0 run(s), 1 hit(s), 0 error(s), 1 left on base; Riverside 2 - La Crosse 0
TOP OF THE 2ND
Riverside Red Bulls batting - Pitching for La Crosse Loggers : RHP Jaime Martínez
Batting: RHB Fernando Gálvez 0-0: Swinging Strike
0-1: Ball
1-1: Ball
2-1: Foul Ball, location: 2F
2-2: Fly out, F8 (Flyball, 8LM)
Batting: RHB Brandon Pope 0-0: Called Strike
0-1: Foul Ball, location: 2F
0-2: Foul Ball, location: 2F
0-2: Ball
1-2: Foul Ball, location: 2F
1-2: Ball
2-2: Foul Ball, location: 2F
2-2: Strikes out swinging
Batting: SHB Luis Alonso 0-0: Called Strike
0-1: Ball
1-1: DOUBLE (Line Drive, 8LD)
Batting: RHB Kevin Brown 0-0: Foul Ball, location: 2F
0-1: Called Strike
0-2: Ball
1-2: Ground out 5-3 (Groundball, 56)
Top of the 2nd over - 0 run(s), 1 hit(s), 0 error(s), 1 left on base; Riverside 2 - La Crosse 0
BOTTOM OF THE 2ND
La Crosse Loggers batting - Pitching for Riverside Red Bulls : RHP Carlos Martínez
Batting: RHB Francisco Rodríguez 0-0: Ground out 4-3 (Groundball, 4)
Batting: RHB Dick Slagboom 0-0: Ball
1-0: Ball
2-0: Ball
3-0: Called Strike
3-1: Foul Ball, location: 2F
3-2: Base on Balls
Batting: RHB Kirk Powell 0-0: Swinging Strike
0-1: Ball
1-1: Ball
2-1: Fly out, F3 (Popup, 3F)
Batting: LHB Brock Miller 0-0: Ball
1-0: Ground out 3-1 (Groundball, 34)
Bottom of the 2nd over - 0 run(s), 0 hit(s), 0 error(s), 1 left on base; Riverside 2 - La Crosse 0
TOP OF THE 3RD
Riverside Red Bulls batting - Pitching for La Crosse Loggers : RHP Jaime Martínez
Batting: RHB Pedro Mata 0-0: Fly out, F4 (Popup, 8RS)
Batting: LHB Paco Rivera 0-0: Ball
1-0: Ball
2-0: SOLO HOME RUN (Flyball, 89XD), Distance : 373 ft
Batting: RHB Earnest Finnegan 0-0: Called Strike
0-1: Fly out, F8 (Flyball, 8LM)
Batting: RHB Mike Mills 0-0: Called Strike
0-1: SINGLE (Line Drive, 8LS)
Batting: RHB José Vázquez 0-0: Foul Ball, location: 2F
0-1: Ball
1-1: Ball
2-1: Ball
3-1: Fly out, F5 (Line Drive, 5L)
Top of the 3rd over - 1 run(s), 2 hit(s), 0 error(s), 1 left on base; Riverside 3 - La Crosse 0
BOTTOM OF THE 3RD
La Crosse Loggers batting - Pitching for Riverside Red Bulls : RHP Carlos Martínez
Batting: RHB Vernon Romo 0-0: Ball
1-0: Ball
2-0: Foul Ball, location: 2F
2-1: Ball
3-1: Ground out 4-3 (Groundball, 34D)
Batting: RHB Robert Acosta 0-0: Ball
1-0: Foul Ball, location: 2F
1-1: Foul Ball, location: 2F
1-2: Fly out, F2 (Popup, 5SF)
Batting: RHB Paul Richard 0-0: Ball
1-0: Ball
2-0: Ball
3-0: Called Strike
3-1: Called Strike
3-2: Base on Balls
Batting: LHB George Smith 0-0: Called Strike
0-1: Foul Ball, location: 2F
0-2: Ball
1-2: Foul Ball, location: 2F
1-2: Foul Ball, location: 2F
1-2: Ball
2-2: Strikes out swinging
Bottom of the 3rd over - 0 run(s), 0 hit(s), 0 error(s), 1 left on base; Riverside 3 - La Crosse 0
TOP OF THE 4TH
Riverside Red Bulls batting - Pitching for La Crosse Loggers : RHP Jaime Martínez
Batting: RHB Fernando Gálvez 0-0: Ball
1-0: Ball
2-0: Ball
3-0: Base on Balls
Batting: RHB Brandon Pope 0-0: Called Strike
0-1: Fly out, F9 (Flyball, 89S)
Batting: SHB Luis Alonso 0-0: Fly out, F7 (Flyball, 78M)
Batting: RHB Kevin Brown 0-0: Ball
1-0: Called Strike
1-1: Fielders Choice at 2nd, 6-4 (Groundball, 6)
Top of the 4th over - 0 run(s), 0 hit(s), 0 error(s), 0 left on base; Riverside 3 - La Crosse 0
BOTTOM OF THE 4TH
La Crosse Loggers batting - Pitching for Riverside Red Bulls : RHP Carlos Martínez
Batting: RHB Danny Campbell 0-0: Ball
1-0: Ground out 6-3 (Groundball, 56)
Batting: RHB Francisco Rodríguez 0-0: Foul Ball, location: 2F
0-1: Ground out 4-3 (Groundball, 6MS)
Batting: RHB Dick Slagboom 0-0: Ball
1-0: Ball
2-0: Foul Ball, location: 2F
2-1: Foul Ball, location: 2F
2-2: Foul Ball, location: 2F
2-2: Foul Ball, location: 2F
2-2: Ball
3-2: Strikes out looking
Bottom of the 4th over - 0 run(s), 0 hit(s), 0 error(s), 0 left on base; Riverside 3 - La Crosse 0
TOP OF THE 5TH
Riverside Red Bulls batting - Pitching for La Crosse Loggers : RHP Jaime Martínez
Batting: RHB Pedro Mata 0-0: Ball
1-0: Ball
2-0: Foul Ball, location: 2F
2-1: Swinging Strike
2-2: SINGLE (Groundball, 6D)
Batting: LHB Paco Rivera 0-0: Ball
1-0: Ball
2-0: Ball
3-0: Called Strike
3-1: Base on Balls
Pedro Mata to second
Batting: RHB Earnest Finnegan 0-0: Called Strike
0-1: Grounds into double play, 6-4-3 (Groundball, 6)
Pedro Mata to third
Batting: RHB Mike Mills 0-0: Ball
1-0: Ball
2-0: Fly out, F8 (Flyball, 8LXD)
Top of the 5th over - 0 run(s), 1 hit(s), 0 error(s), 1 left on base; Riverside 3 - La Crosse 0
BOTTOM OF THE 5TH
La Crosse Loggers batting - Pitching for Riverside Red Bulls : RHP Carlos Martínez
Batting: RHB Kirk Powell 0-0: Called Strike
0-1: Called Strike
0-2: Strikes out looking
Batting: LHB Brock Miller 0-0: Foul Ball, location: 2F
0-1: Foul Ball, location: 2F
0-2: Strikes out swinging
Batting: RHB Vernon Romo 0-0: Called Strike
0-1: Ground out 1-3 (Groundball, 15)
Bottom of the 5th over - 0 run(s), 0 hit(s), 0 error(s), 0 left on base; Riverside 3 - La Crosse 0
TOP OF THE 6TH
Riverside Red Bulls batting - Pitching for La Crosse Loggers : RHP Jaime Martínez
Batting: RHB José Vázquez 0-0: Ball
1-0: Ground out 6-3 (Groundball, 6)
Batting: RHB Fernando Gálvez 0-0: Called Strike
0-1: Called Strike
0-2: Strikes out swinging
Batting: RHB Brandon Pope 0-0: Fly out, F2 (Popup, 2LF)
Top of the 6th over - 0 run(s), 0 hit(s), 0 error(s), 0 left on base; Riverside 3 - La Crosse 0
BOTTOM OF THE 6TH
La Crosse Loggers batting - Pitching for Riverside Red Bulls : RHP Carlos Martínez
Batting: RHB Robert Acosta 0-0: Ball
1-0: Called Strike
1-1: Swinging Strike
1-2: Strikes out swinging
Batting: RHB Paul Richard 0-0: Bunt for hit - play at first, batter OUT! 1-3
Batting: LHB George Smith 0-0: Ball
1-0: Ball
2-0: Swinging Strike
2-1: Foul Ball, location: 2F
2-2: Ball
3-2: Foul Ball, location: 2F
3-2: Base on Balls
Batting: RHB Danny Campbell 0-0: Ball
1-0: Ball
2-0: Ball
3-0: Base on Balls
George Smith to second
Batting: RHB Francisco Rodríguez 0-0: Ball
1-0: Foul Ball, location: 2F
1-1: Fielders Choice at 2nd, 6-4 (Groundball, 6)
Bottom of the 6th over - 0 run(s), 0 hit(s), 0 error(s), 1 left on base; Riverside 3 - La Crosse 0
TOP OF THE 7TH
Riverside Red Bulls batting - Pitching for La Crosse Loggers : RHP Jaime Martínez
Pitching: LHP Nathan Ortíz
Batting: SHB Luis Alonso 0-0: Swinging Strike
0-1: SINGLE (Line Drive, 78S)
Batting: RHB Kevin Brown 0-0: Bunted foul
0-1: Bunted foul
0-2: Ball
1-2: Grounds into double play, 6-4-3 (Groundball, 6)
Batting: RHB Pedro Mata 0-0: Ball
1-0: Ball
2-0: Ball
3-0: Called Strike
3-1: SINGLE (Groundball, 4M)
Batting: LHB Paco Rivera 0-0: Swinging Strike
0-1: Ball
1-1: Ball
2-1: Swinging Strike
2-2: Ball
3-2: Foul Ball, location: 2F
3-2: Base on Balls
Pedro Mata to second
Batting: RHB Earnest Finnegan 0-0: Ball
1-0: Ball
2-0: Called Strike
2-1: Ball
3-1: Called Strike
3-2: Foul Ball, location: 2F
3-2: Ground out 6-3 (Groundball, 6)
Top of the 7th over - 0 run(s), 2 hit(s), 0 error(s), 2 left on base; Riverside 3 - La Crosse 0
BOTTOM OF THE 7TH
La Crosse Loggers batting - Pitching for Riverside Red Bulls : RHP Carlos Martínez
Batting: RHB Dick Slagboom 0-0: Called Strike
0-1: Ball
1-1: Ball
2-1: Ball
3-1: Foul Ball, location: 2F
3-2: Foul Ball, location: 2F
3-2: Base on Balls
Pitching: RHP Alberto Gutiérrez
Batting: RHB Kirk Powell 0-0: Reached on error, E6 (Groundball, 6)
Dick Slagboom to second
Pitching: LHP Joe Phillips
Batting: LHB Brock Miller 0-0: Foul Ball, location: 2F
0-1: Ball
1-1: Swinging Strike
1-2: Strikes out looking
Pitching: RHP Rick Haynes
Batting: RHB Vernon Romo 0-0: Ball
1-0: Foul Ball, location: 2F
1-1: Ball
2-1: Ball
3-1: Base on Balls
Dick Slagboom to third
Kirk Powell to second
Pinch Hitting: RHB Júlio Sánchez 0-0: Ball
1-0: Called Strike
1-1: Ball
2-1: DOUBLE (Line Drive, 7LM)
Dick Slagboom scores
Kirk Powell scores
Vernon Romo to third
Batting: RHB Paul Richard 0-0: Fly out, F6 (Popup, 6D)
Batting: LHB George Smith 0-0: Ball
1-0: Foul Ball, location: 2F
1-1: Ball
2-1: Ball
3-1: Swinging Strike
3-2: Base on Balls
Batting: RHB Danny Campbell 0-0: Ball
1-0: Foul Ball, location: 2F
1-1: Ball
2-1: Fly out, F9 (Flyball, 8RM)
Bottom of the 7th over - 2 run(s), 1 hit(s), 1 error(s), 3 left on base; Riverside 3 - La Crosse 2
TOP OF THE 8TH
Riverside Red Bulls batting - Pitching for La Crosse Loggers : LHP Nathan Ortíz
Now at 2B: James Jenkins
Batting: RHB Mike Mills 0-0: Ball
1-0: Ball
2-0: Called Strike
2-1: Ball
3-1: Base on Balls
Batting: RHB José Vázquez 0-0: Called Strike
0-1: Foul Ball, location: 2F
0-2: Strikes out swinging
Pitching: RHP Ben Messer
Batting: RHB Fernando Gálvez 0-0: Foul Ball, location: 2F
0-1: Ball
1-1: Foul Ball, location: 2F
1-2: DOUBLE (Line Drive, 5)
Mike Mills to third
Batting: RHB Brandon Pope 0-0: Intentional Walk
Batting: SHB Luis Alonso 0-0: Ball
1-0: Swinging Strike
1-1: Ball
2-1: Swinging Strike
2-2: Ball
3-2: Base on Balls
Mike Mills scores
Fernando Gálvez to third
Brandon Pope to second
Pinch Hitting: RHB Kelly Jones 0-0: Called Strike
0-1: Swinging Strike
0-2: Ball
1-2: Ball
2-2: Strikes out swinging
Batting: RHB Pedro Mata 0-0: Ball
1-0: Hit by Pitch
Fernando Gálvez scores
Brandon Pope to third
Luis Alonso to second
Batting: LHB Paco Rivera 0-0: DOUBLE (Flyball, 89XD)
Brandon Pope scores
Luis Alonso scores
Pedro Mata to third
Runner from 3rd tries for Home, SAFE, no throw or cutoff
Pitching: RHP Dallas Albert
Batting: RHB Earnest Finnegan 0-0: TRIPLE (Flyball, 8RXD)
Paco Rivera scores
Batting: RHB Mike Mills 0-0: Called Strike
0-1: Ball
1-1: SINGLE (Groundball, 5L)
Earnest Finnegan scores
Batting: RHB José Vázquez 0-0: Ball
1-0: Foul Ball, location: 2F
1-1: Called Strike
1-2: Ball
2-2: Strikes out swinging
Top of the 8th over - 7 run(s), 4 hit(s), 0 error(s), 1 left on base; Riverside 10 - La Crosse 2
BOTTOM OF THE 8TH
La Crosse Loggers batting - Pitching for Riverside Red Bulls : RHP Rick Haynes
Now at 3B: Kelly Jones
Batting: RHB Francisco Rodríguez 0-0: Ball
1-0: Ball
2-0: Called Strike
2-1: Foul Ball, location: 2F
2-2: TRIPLE (Flyball, 89M)
Batting: RHB Dick Slagboom 0-0: Ball
1-0: Called Strike
1-1: Swinging Strike
1-2: Ball
2-2: Ball
3-2: Foul Ball, location: 2F
3-2: Foul Ball, location: 2F
3-2: Base on Balls
Batting: RHB Kirk Powell 0-0: Foul Ball, location: 2F
0-1: Called Strike
0-2: Ball
1-2: Strikes out swinging
Pitching: RHP Ricardo López
Batting: LHB Brock Miller 0-0: Foul Ball, location: 2F
0-1: Foul Ball, location: 2F
0-2: Strikes out swinging
Batting: RHB Vernon Romo 0-0: Ball
1-0: Ball
2-0: Ball
3-0: SINGLE (Groundball, 15S) (infield hit)
Francisco Rodríguez scores
Dick Slagboom to second
Batting: RHB James Jenkins 0-0: Foul Ball, location: 2F
0-1: Swinging Strike
0-2: Ball
1-2: Ball
2-2: Strikes out swinging
Bottom of the 8th over - 1 run(s), 2 hit(s), 0 error(s), 2 left on base; Riverside 10 - La Crosse 3
TOP OF THE 9TH
Riverside Red Bulls batting - Pitching for La Crosse Loggers : RHP Dallas Albert
Batting: RHB Fernando Gálvez 0-0: Ball
1-0: Swinging Strike
1-1: Foul Ball, location: 2F
1-2: Ball
2-2: Ball
3-2: Fly out, F7 (Flyball, 8LD)
Batting: RHB Brandon Pope 0-0: Called Strike
0-1: Ball
1-1: Fly out, F9 (Flyball, 89S)
Batting: SHB Luis Alonso 0-0: Ball
1-0: Ball
2-0: Ball
3-0: Called Strike
3-1: Called Strike
3-2: Foul Ball, location: 2F
3-2: Foul Ball, location: 2F
3-2: Ground out U3 (Groundball, 3S)
Top of the 9th over - 0 run(s), 0 hit(s), 0 error(s), 0 left on base; Riverside 10 - La Crosse 3
BOTTOM OF THE 9TH
La Crosse Loggers batting - Pitching for Riverside Red Bulls : RHP Ricardo López
Now at C: Jesús Naút
Batting: RHB Paul Richard 0-0: Ground out 1-3 (Groundball, 23)
Batting: LHB George Smith 0-0: Fly out, F3 (Popup, 3SF)
Batting: RHB Danny Campbell 0-0: Ball
1-0: Foul Ball, location: 2F
1-1: Foul Ball, location: 2F
1-2: DOUBLE (Flyball, 9LD)
Batting: RHB Francisco Rodríguez 0-0: Called Strike
0-1: Ball
1-1: Ball
2-1: Foul Ball, location: 2F
2-2: Ball
3-2: Base on Balls
Batting: RHB Dick Slagboom 0-0: Called Strike
0-1: Ball
1-1: Swinging Strike
1-2: Ball
2-2: Ball
3-2: Strikes out swinging
Bottom of the 9th over - 0 run(s), 1 hit(s), 0 error(s), 2 left on base; Riverside 10 - La Crosse 3
Monday, December 5th, 2016 - OOTP Baseball 17.12 Build 75